cohdb
Replays
Latest Replays
All Replays
Popular Replays
Top Player Replays
Match Explorer
How It Works
Community
CoH3 Stats
Reddit
Sign in to upload your games and track your stats! →
Sign in with Steam
Match 43018011
Unlisted
Match 43018011
Overview
Messages
Build Orders
End
Construct Barracks
Scout Squad
1⁄4-ton 4x4 Truck
Riflemen Squad
Engineer Squad
Construct Weapon Support Center
M1919 Machine Gun Team
M1919 Machine Gun Team
Mechanized Support Center
Bazooka Squad
Construct Motor Pool
Engineer Squad
Construct Medical Station
M3 75 mm Gun Motor Carriage
M3 75 mm Gun Motor Carriage
Grenade Package
M1919 Machine Gun Team
Riflemen Squad
Scout Squad
M1918 Browning Automatic Rifles
Engineer Squad
Selects Heavy Weapons
Selects Assault Carriers
Selects Exchangeable Parts
Selects M26 Pershing Heavy Tank
Selects M2HB .50cal Heavy Machine Gun
M1919 Machine Gun Team
M26 Pershing Heavy Tank
.30 cal Machine Gun
Designate Forward Repair Station
matrix4x4
Greszko
0
0
Comments
sign in to comment!
No comments posted yet!